 Dungeon Crawl Stone Soup version 0.28.0-47-ge53b351184 (webtiles) character file.

Game seed: 173673126735386747

736 mortz the Magician (level 7, -3/35 (36) HPs)
             Began as a Deep Elf Air Elementalist on Apr 24, 2022.
             Was an Initiate of Vehumet.
             Slain by a wight
             ... wielding a +4 war axe
              (9 damage)
             ... in the Ecumenical Temple on Apr 25, 2022.
             The game lasted 00:20:03 (5888 turns).

mortz the Magician (Deep Elf Air Elementalist)      Turns: 5888, Time: 00:20:04

HP:   -3/35 (36)    AC:  8    Str:  5    XL:     7   Next: 46%
MP:   9/17          EV: 15    Int: 22    God:    Vehumet [......]
Gold: 219           SH:  3    Dex: 15    Spells: 14/17 levels left

rFire   . . .      SeeInvis .   B - +2 scimitar {long}
rCold   + + .      Faith    .   A - +0 buckler
rNeg    . . .      Spirit   .   z - +3 leather armour
rPois   .          Reflect  .   q - +0 helmet
rElec   .          Harm     .   (no cloak)
rCorr   .          Rampage  .   (no gloves)
Will    .....                   d - +0 pair of boots
Stlth   ++........              (no amulet)
HPRegen 0.11/turn               s - ring of flight
MPRegen 0.15/turn               i - ring "Xeing" {rC++ EV+4}

@: flying, very slightly contaminated, lightly drained
A: no striking features
a: Renounce Religion


You were in the Ecumenical Temple.
You worshipped Vehumet.
Vehumet was noncommittal.
You visited 2 branches of the dungeon, and saw 9 of its levels.

You collected 219 gold pieces.


   Skills:
 + Level 1.3 Armour
 + Level 3.0 Dodging
 + Level 2.9 Stealth
 + Level 5.7 Spellcasting
 + Level 5.1 Conjurations
 + Level 5.7 Air Magic


You had 14 spell levels left.
You knew the following spells:

 Your Spells              Type           Power      Damage    Failure   Level
a - Shock                 Conj/Air       100%       1d9       2%          1
b - Static Discharge      Conj/Air       30%        N/A       3%          2

Your spell library contained the following spells:

 Spells                   Type           Power      Damage    Failure   Level
 Swiftness                Air            31%        N/A       6%          3
 Airstrike                Air            15%        N/A       21%         4
 Call Canine Familiar     Summ           6%         N/A       54%         3
 Portal Projectile        Hex/Tloc       12%        N/A       54%         3
 Leda's Liquefaction      Hex/Erth       3%         N/A       91%         4

Inventory:

Hand Weapons
 m - a +0 short sword of electrocution {short}
   (You found it on level 3 of the Dungeon)
 n - a +1 morningstar of freezing {mace}
   (You took it off an orc on level 3 of the Dungeon)
 x - a +0 dagger of venom {short}
   (You took it off a goblin on level 4 of the Dungeon)
 B - a +2 scimitar (weapon) {long}
   (You took it off a wight in the Ecumenical Temple)
Missiles
 r - 2 poisoned darts {throwing}
Armour
 d - a +0 pair of boots (worn)
   (You found it on level 1 of the Dungeon)
 q - a +0 helmet (worn)
   (You took it off Robin on level 3 of the Dungeon)
 z - a +3 leather armour (worn)
   (You found it on level 4 of the Dungeon)
 A - a +0 buckler (worn)
   (You found it on level 5 of the Dungeon)
Jewellery
 g - a ring of protection from cold
   (You found it on level 1 of the Dungeon)
 i - the ring "Xeing" (right hand) {rC++ EV+4}
   (You found it on level 2 of the Dungeon)

   [ring of evasion]

   EV:        It affects your evasion (+4).
   rC:        It greatly protects you from cold.
 s - a ring of flight (left hand)
   (You found it on level 4 of the Dungeon)
 u - a +6 ring of strength
   (You found it on level 4 of the Dungeon)
Wands
 f - a wand of mindburst (9)
   (You found it on level 5 of the Dungeon)
 y - a wand of paralysis (5)
   (You found it on level 4 of the Dungeon)
Scrolls
 h - 3 scrolls of identify {@r1}
 j - 2 scrolls of silence {unknown}
 k - a scroll of brand weapon {unknown}
 l - a scroll of teleportation {unknown}
 o - a scroll of enchant armour {unknown}
 p - a scroll of summoning {unknown}
 v - a scroll of enchant weapon {unknown}
 w - a scroll of fog {unknown}
Potions
 a - a potion of invisibility
 b - a potion of attraction {!q}
 c - a potion of curing {@q1}
 e - a potion of lignification {unknown}
 t - 3 potions of flight

Dungeon Overview and Level Annotations

Branches:
Dungeon (8/15)             Temple (1/1) D:6
   Lair: D:8-11

Altars:
Ashenzari
Cheibriados
Dithmenos
Elyvilon
Fedhas
Gozag
Hepliaklqana
Kikubaaqudgha
Makhleb
Nemelex Xobeh
Okawaru
Qazlal
Sif Muna
Trog
Vehumet
Yredelemnul
Zin
The Shining One

#####.......#..._...#
###...........#.......# ##
###............#....⌠#... .###
###......###......._....._.
...####......##...##...#...#⌠....
............#.......#...#.......#
............#.......#...#..._...#
...........#.....[...#...##...##.
...###.....#...)@....#.....###...
.##...##...#....z....#...........
#..._...#...#.......#............
#.......#...#.......#............
....⌠#...#...##...##......####...
._....._.......###......### ###.
...#⌠....#............### ##
#.......#...........###
#..._...#.......#####


You could see a wight.


Message History

😮 MP[-2]
You lost 2 mp, and now have 15/17 mp.
Casting: Static Discharge (safe; 3% risk of failure)
Confirm with . or Enter, or press ? or * to list all spells.
The white imp is struck by an arc of lightning.
You kill the white imp!
You are struck by an arc of lightning.
* * * LOW HITPOINT WARNING * * *
The wight is struck by an arc of lightning.
The lightning grounds out.
The wight is struck by an arc of lightning!
You destroy the wight!
The lightning grounds out.
Your life force feels restored.
Your Armour skill increases to level 1! 😨 HP[-1] MP[-2]
You now have 36 max hp (+1).
You lost 2 mp, and now have 13/17 mp.
You start resting. 😮 HP[+2] MP[+4]
You regained 2 hp, and now have 20/36 hp.
Your mp is fully restored (17).
You now have 219 gold pieces (gained 31).
Things that are here:
a +2 scimitar {long}; a +0 robe 😮 HP[+1]
B - a +2 scimitar {long} Your +1 morningstar of freezing {mace} stops glowing.
B - a +2 scimitar (weapon)
{long}
Found an iron altar of Okawaru. 😎 HP[+15]
Your hp is fully restored (36).
Found a snail-covered altar of Cheibriados and a hazy altar of Hepliaklqana.
Found a radiant altar of Vehumet.
Found a white marble altar of Elyvilon.
There is a radiant altar of Vehumet here.
You hover solemnly before the altar of Vehumet.
Vehumet welcomes you!
Found a glowing silver altar of Zin.
Found a shadowy altar of Dithmenos.
Found a glowing golden altar of the Shining One.
Found a broken altar of Ashenzari.
Found an opulent altar of Gozag and a sparkling altar of Nemelex Xobeh.
Found a shimmering blue altar of Sif Muna.
Found a stormy altar of Qazlal.
Found an ancient bone altar of Kikubaaqudgha.
Found a bloodstained altar of Trog and a basalt altar of Yredelemnul.
There is a basalt altar of Yredelemnul here.
There is a stormy altar of Qazlal here.
There is a sparkling altar of Nemelex Xobeh here.
Done exploring.
There is a staircase back to the Dungeon here.
You fly upwards.
Welcome back to the Dungeon!
The gnoll shouts!
You block the wight's attack. The wight closely misses you.
A gnoll comes into view. It is wielding a +0 flail.
There is a staircase to the Ecumenical Temple here.
The wight hits you with a +3 battleaxe.
You feel drained. The wight hits you with a +4 war axe!
You feel drained.
You fly downwards.
Welcome back to the Ecumenical Temple!
There is a staircase back to the Dungeon here. 😮 HP[-17]
You now have 33 max hp (-3).
You take 17 damage, and now have 19/33 hp.
MASSIVE DAMAGE!! (PAUSE)
Casting: Static Discharge (safe; 3% risk of failure)
Confirm with . or Enter, or press ? or * to list all spells.
The wight is struck by an arc of lightning. x2
The lightning grounds out.
The wight closely misses you.
The wight hits you but does no damage. 😮 MP[-2]
You lost 2 mp, and now have 15/17 mp.
Casting: Static Discharge (safe; 3% risk of failure)
Confirm with . or Enter, or press ? or * to list all spells.
The wight is struck by an arc of lightning!
You are struck by an arc of lightning.
The wight is struck by an arc of lightning.
The lightning grounds out.
The wight misses you.
You block the wight's attack. 😮 HP[-2] MP[-2]
You take 2 damage, and now have 17/33 hp.
You lost 2 mp, and now have 13/17 mp.
Casting: Static Discharge (safe; 3% risk of failure)
Confirm with . or Enter, or press ? or * to list all spells.
The wight is struck by an arc of lightning!
You destroy the wight!
Vehumet accepts your kill.
The lightning grounds out.
The wight hits you with a +4 war axe!
* * * LOW HITPOINT WARNING * * *
😱 HP[-12] MP[-2]
You now have 35 max hp (+2).
You take 12 damage, and now have 5/35 hp.
MASSIVE DAMAGE!! (PAUSE)
You lost 2 mp, and now have 11/17 mp.
Casting: Static Discharge (safe; 3% risk of failure)
Confirm with . or Enter, or press ? or * to list all spells.
You miscast Static Discharge.
You are very lightly contaminated with residual magic.
Nothing appears to happen.
The wight hits you with a +4 war axe!
You die...

Skill      XL: |  1  2  3  4  5  6  7 |
---------------+----------------------+-----
Conjurations   | 2 4 5 |  5.1
Spellcasting   | 4 5 |  5.7
Air Magic      | 4 5 |  5.7
Dodging        | 3 |  3.0
Armour         | 1 |  1.3
Stealth        | |  2.9

Action                   |  1- 3 |  4- 6 |  7- 9 || total
-------------------------+-------+-------+-------++-------
 Cast: Shock             |    78 |   122 |    16 ||   216
       Static Discharge  |     8 |    12 |    12 ||    32
  Use: Potion            |       |     1 |       ||     1
       Scroll            |       |       |     3 ||     3
Armor: Leather armour    |       |       |     1 ||     1
Dodge: Dodged            |     4 |    10 |    21 ||    35
Block: Buckler           |       |       |     3 ||     3

Levels and vault maps discovered:
D:1:      dpeg_arrival_circle_labyrinth_a, layout_basic
D:2:      layout_basic, shapermc_ecumenical_altar_gd, chequers_arboretum
D:3:      layout_loops_ring, nicolae_overflow_crystal_walls,
          hangedman_decor_growths, uniq_robin
D:4:      layout_loops_corners, makhleb_altar_promises_db
D:5:      layout_cave_pods, uniq_edmund
D:6:      layout_loops_cross, minmay_temple_entry_stoned_glass, serial_rivers,
          chequers_serial_rivers_room_a, chequers_serial_rivers_micro_c,
          chequers_serial_rivers_micro_e, chequers_serial_rivers_micro_b,
          chequers_serial_rivers_micro_d, nicolae_shop_sticking_my_neck_out
D:7:      layout_rooms, mainiacjoe_overflow_catwalk_spiral, enter_bailey_7
D:8:      layout_basic, nicolae_wu_jian_immortal_techniques,
          erik_lair_orcish_takeover, serial_shops,
          nicolae_shop_advertising_works [nicolae_subvault_shop_adworks],
          uniq_maurice
Temple:   regret_index_temple_sphere_string

Notes
Turn   | Place    | Note
-------+----------+-------------------------------------------
     0 | D:1      | mortz the Deep Elf Air Elementalist began the quest for the
                  | Orb.
     0 | D:1      | Reached XP level 1. HP: 10/10 MP: 6/6
     0 | D:1      | magus.rc [v1.9.6]
   550 | D:1      | Reached XP level 2. HP: 9/15 MP: 4/8
   553 | D:1      | Learned a level 2 spell: Static Discharge
  1119 | D:2      | Identified the ring "Xeing" {rC++ EV+4}
  1446 | D:2      | Found a faded altar of an unknown god.
  1456 | D:2      | Reached XP level 3. HP: 19/19 MP: 7/10
  1757 | D:2      | Reached skill level 2 in Conjurations
  2429 | D:3      | Reached XP level 4. HP: 24/24 MP: 5/11
  2439 | D:3      | Reached skill level 4 in Spellcasting
  2883 | D:3      | Found a blossoming altar of Fedhas.
  2975 | D:3      | Reached skill level 4 in Air Magic
  3043 | D:3      | Reached XP level 5. HP: 28/28 MP: 10/13
  3270 | D:3      | Noticed Robin
  3274 | D:3      | Killed Robin
  3683 | D:4      | Reached skill level 3 in Conjurations
  3938 | D:4      | You pick up a book of the Hunter and begin reading...
  3938 | D:4      | You add the spells Call Canine Familiar, Portal Projectile
                  | and Leda's Liquefaction to your library.
  4054 | D:4      | Reached skill level 4 in Conjurations
  4054 | D:4      | Reached XP level 6. HP: 21/32 MP: 4/15
  4279 | D:4      | Reached skill level 3 in Dodging
  4279 | D:4      | Reached skill level 5 in Spellcasting
  4726 | D:4      | Reached skill level 5 in Air Magic
  4844 | D:4      | Found a burning altar of Makhleb.
  4844 | D:4      | Noticed a green death
  4847 | D:4      | Noticed a hellwing
  4847 | D:4      | Noticed an orange demon
  4980 | D:5      | Entered Level 5 of the Dungeon
  4987 | D:5      | Reached XP level 7. HP: 36/36 MP: 11/17
  4987 | D:5      | Upgraded the game from 0.28.0-45-g0d030f2227 to
                  | 0.28.0-47-ge53b351184
  4987 | D:5      | magus.rc [v1.9.6]
  5407 | D:5      | You are sucked into a shaft and drop 3 floors!
  5461 | D:7      | Reached skill level 5 in Conjurations
  5569 | D:6      | Found a staircase to the Ecumenical Temple.
  5578 | Temple   | Entered the Ecumenical Temple
  5581 | Temple   | Reached skill level 1 in Armour
  5745 | Temple   | Became a worshipper of Vehumet
  5887 | Temple   | HP: 5/33 [wight/+4 war axe (12)]
  5888 | Temple   | Slain by a wight

Vanquished Creatures
  A phantom (D:4)
  A wyvern skeleton (D:7)
  2 wights (Temple)
  A howler monkey (D:4)
  2 hounds (D:5)
  A gnoll shaman (D:4)
  An orc priest (D:4)
  2 iguanas (D:4)
  2 orc wizards
  Robin (D:3)
  7 gnolls
  5 adders
  2 white imps
  An ufetubus (D:4)
  3 worms
  6 dart slugs
  15 orcs
  3 ball pythons
  4 endoplasms
  2 giant cockroaches (D:1)
  16 goblins
  5 hobgoblins
  3 jackals (D:4)
  4 quokkas
  2 bats (D:1)
  4 frilled lizards (D:2)
  7 kobolds
  3 rats
106 creatures vanquished.

Vanquished Creatures (others)
  A fungus (D:2)
  A plant (D:2)
2 creatures vanquished.

Grand Total: 108 creatures vanquished

Table legend:
 A = Non-vault XP
 B = Vault XP
 C = Vault XP percentage of total XP
 D = Non-vault monster count
 E = Vault monster count
 F = Vault count percentage of total count
                 A         B        C        D         E       F
            +---------+---------+-------+---------+---------+-------
      Total |    1015 |      37 |   3.5 |      94 |      12 |  11.3
            +---------+---------+-------+---------+---------+-------
        D:1 |      30 |       0 |   0.0 |      14 |       0 |   0.0
        D:2 |      56 |       0 |   0.0 |      16 |       0 |   0.0
        D:3 |     113 |      37 |  24.7 |      24 |      12 |  33.3
        D:4 |     441 |       0 |   0.0 |      27 |       0 |   0.0
        D:5 |     159 |       0 |   0.0 |       8 |       0 |   0.0
        D:7 |      85 |       0 |   0.0 |       2 |       0 |   0.0
     Temple |     131 |       0 |   0.0 |       3 |       0 |   0.0
            +---------+---------+-------+---------+---------+-------

Illustrated notes

Table legend:
 A = Kills in this place as a percentage of kills in entire the game.
 B = Kills by you in this place as a percentage of kills by you in the entire game.
 C = Kills by friends in this place as a percentage of kills by friends in the entire game.
 D = Other kills in this place as a percentage of other kills in the entire game.
 E = Experience gained in this place as a percentage of experience gained in the entire game.
 F = Experience gained in this place divided by the number of levels of this place that you have seen.
                   A       B       C       D       E      F
               +-------+-------+-------+-------+-------+----------------------
         Total | 100.0 | 100.0 |   N/A |   N/A | 100.0 | 116.9
       Dungeon |  97.2 |  97.2 |   N/A |   N/A |  87.5 | 115.1
        Temple |   2.8 |   2.8 |   N/A |   N/A |  12.5 | 131.0
               +-------+-------+-------+-------+-------+----------------------

Table legend: (Time is in decaauts)
 A = Elapsed time spent in this place.
 B = Non-inter-level travel time spent in this place.
 C = Inter-level travel time spent in this place.
 D = Time resting spent in this place.
 E = Time spent auto-exploring this place.
 F = Levels seen in this place.
 G = Mean time per level.
                   A        B        C        D        E       F      G
               +--------+--------+--------+--------+--------+-----+--------+
         Total |   5884 |   5751 |    133 |    229 |   4789 |   9 |  653.8 |
       Dungeon |   5577 |   5444 |    133 |    205 |   4544 |   8 |  697.1 |
        Temple |    307 |    307 |      0 |     24 |    245 |   1 |  307.0 |
               +--------+--------+--------+--------+--------+-----+--------+

Top non-repeatable levels by time:
     D:4: 1378 daAuts
     D:3: 1303 daAuts
     D:2: 1232 daAuts
     D:1: 1103 daAuts
     D:5: 387 daAuts
  Temple: 307 daAuts
     D:7: 133 daAuts
     D:8: 27 daAuts
     D:6: 11 daAuts
